 Dungeon Crawl Stone Soup version 0.32-a0-468-g38b2580584 (webtiles) character file.

Game seed: 12416542539471121427

20315 sleeves the Unseen (level 12, 0/66 HPs)
             Began as a Vampire Alchemist on Feb 24, 2024.
             Was a Follower of Uskayaw.
             Slain by a cyclops (14 damage)
             ... on level 12 of the Dungeon.
             The game lasted 00:47:48 (14262 turns).

sleeves the Unseen (Vampire Alchemist)             Turns: 14262, Time: 00:47:50

Health: 0/66       AC:  7    Str: 15    XL:     12   Next: 44%
Magic:  20/24      EV: 15    Int: 19    God:    Uskayaw [*.....]
Gold:   726        SH:  6    Dex: 22    Spells: 21/28 levels left

rFire   . . .        u - +1 dagger (speed)
rCold   + + .        A - +0 buckler
rNeg    + + +        p - +2 robe {rN+}
rPois   ∞            t - +0 helmet
rElec   .            L - +0 cloak
rCorr   .            (no gloves)
SInv    +            e - +0 pair of boots
Will    +....        N - amulet of magic regeneration
Stlth   +++++++++    r - +6 ring of dexterity
HPRegen 0.00/turn    s - +6 ring of strength
MPRegen 0.59/turn

%: no passive effects
@: bloodless, inhibited regen
A: bloodless, fangs 3, see invisible, vampiric 2
a: Bat Form, Revivify, Renounce Religion, Stomp


You were on level 12 of the Dungeon.
You worshipped Uskayaw.
Uskayaw was noncommittal.
You visited 2 branches of the dungeon, and saw 13 of its levels.
You also visited: Sewer and Ice Cave.

You collected 726 gold pieces.

Inventory:

Hand Weapons
 i - a +5 dagger
   (You took it off a wight on level 7 of the Dungeon)
 u - a +1 dagger of speed (weapon)
   (You took it off a goblin on level 3 of the Dungeon)
 I - a +4 long sword of freezing
   (You took it off a wight on level 9 of the Dungeon)
Missiles
 C - a throwing net
Armour
 e - a +0 pair of boots (worn)
   (You found it on level 5 of the Dungeon)
 f - a +0 kite shield
   (You found it on level 1 of the Dungeon)
 p - a +2 robe of positive energy (worn)
   (You found it on level 2 of the Dungeon)
 t - a +0 helmet (worn)
   (You took it off Robin on level 3 of the Dungeon)
 y - a +0 troll leather armour
   (You found it on level 7 of the Dungeon)
 A - a +0 buckler (worn)
   (You found it on level 7 of the Dungeon)
 L - a +0 cloak (worn)
   (You found it on level 11 of the Dungeon)
Jewellery
 r - a +6 ring of dexterity (left hand)
   (You found it on level 3 of the Dungeon)
 s - a +6 ring of strength (right hand)
   (You found it on level 3 of the Dungeon)
 N - an amulet of magic regeneration (around neck)
   (You found it on level 12 of the Dungeon)
 O - a ring of wizardry
   (You took it off a deep elf pyromancer on level 12 of the Dungeon)
Wands
 F - a wand of digging (1)
   (You found it on level 8 of the Dungeon)
 Q - a wand of flame (9)
   (You took it off Erolcha on level 12 of the Dungeon)
Scrolls
 d - 6 scrolls of teleportation
 h - 3 scrolls of torment
 j - 3 scrolls of fear
 l - 2 scrolls of enchant armour
 m - a scroll of butterflies
 n - 3 scrolls of poison
 v - 3 scrolls of blinking
 w - a scroll of noise
 x - 4 scrolls of fog
 E - a scroll of immolation {unknown}
 G - a scroll of silence
 H - a scroll of brand weapon {unknown}
 J - a scroll of amnesia {unknown}
 K - a scroll of identify
 M - a scroll of revelation {unknown}
 P - a scroll of enchant weapon {unknown}
Potions
 a - 2 potions of attraction
 b - 2 potions of magic
 c - 3 potions of cancellation
 g - 7 potions of curing
 k - 3 potions of might
 o - 2 potions of invisibility {unknown}
 q - 3 potions of heal wounds
 z - a potion of experience {unknown}
 B - 3 potions of lignification {unknown}
 D - a potion of brilliance {unknown}


   Skills:
 + Level 4.1 Fighting
 - Level 7.0 Short Blades
 + Level 5.6 Dodging
 + Level 16.5 Stealth
 - Level 5.0 Shields
 + Level 8.8 Spellcasting
 - Level 4.2 Conjurations
 - Level 8.0 Hexes
 - Level 9.0 Alchemy


You had 21 spell levels left.
You knew the following spells:

 Your Spells              Type           Power      Damage    Failure   Level
a - Sting                 Conj/Alch      100%       1d9       1%          1
b - Mephitic Cloud        Conj/Alch/Air  25%        N/A       5%          3
c - Confusing Touch       Hex            38%        N/A       1%          3

Your spell library contained the following spells:

 Spells                   Type           Power      Damage    Failure   Level
 Magic Dart               Conj           96%        1d7       1%          1
 Mercury Vapours          Alch/Air       50%        N/A       2%          2
 Olgreb's Toxic Radiance  Alch           42%        N/A       2%          4
 Ensorcelled Hibernation  Hex/Ice        46%        N/A       3%          2
 Kiss of Death            Conj/Necr      64%        2d10      4%          1
 Stone Arrow              Conj/Erth      32%        3d9       13%         3
 Blink                    Tloc           16%        N/A       16%         2
 Call Imp                 Summ           16%        N/A       16%         2
 Sublimation of Blood     Necr           8%         N/A       16%         2
 Ignite Poison            Fire/Alch      25%        N/A       17%         4
 Petrify                  Alch/Erth      25%        N/A       17%         4
 Sticky Flame             Fire/Alch      25%        2d6       17%         4
 Irradiate                Conj/Alch      16%        3d17      19%         5
 Passwall                 Erth           8%         N/A       32%         3
 Summon Ice Beast         Ice/Summ       8%         N/A       32%         3
 Swiftness                Air            8%         N/A       32%         3
 Summon Mana Viper        Hex/Summ       23%        N/A       50%         5
 Animate Armour           Summ/Erth      16%        N/A       71%         4
 Dispel Undead            Necr           8%         3d8       71%         4
 Monstrous Menagerie      Summ           4%         N/A       100%        7
 Ignition                 Fire           4%         3d4       100%        8
 Lehudib's Crystal Spear  Conj/Erth      8%         10d3      100%        8


Dungeon Overview and Level Annotations

Branches:
Dungeon (12/15)            Temple (1/1) D:4            Lair (0/5) D:9
    Orc (0/2) D:12          Sewer (visited)           IceCv (visited)

Altars:
Ashenzari
Cheibriados
Dithmenos
Fedhas
Gozag
Hepliaklqana
Kikubaaqudgha
Makhleb
Nemelex Xobeh
Okawaru
Qazlal
Ru
Sif Muna
Trog
Uskayaw
Vehumet
Wu Jian
Xom
Yredelemnul

Shops:
D:6 *   D:8 ??[(

Annotations:
D:3 3 runed translucent doors, hattop's ghost, amateur CoCA
D:8 1 runed translucent door, yleetSyT's ghost, novice DjFE


Innate Abilities, Weirdness & Mutations

You do not regenerate when monsters are visible.
You are frail without blood (-20% HP).
You can heal yourself when you bite living creatures.
You are immune to poison.
You have razor-sharp teeth.
You have supernaturally acute eyesight. (SInv)
You are afflicted with vampirism and can become a bat while bloodless.


Message History

* * * LOW HITPOINT WARNING * * *
You hit the ice devil but do no damage. You hit the ice devil but do no damage.
You bite the ice devil.
The ice devil is lightly wounded.
You block the ice devil's attack.
You hit the ice devil but do no damage.
The ice devil appears confused.
The ice devil is lightly wounded.
You hit the ice devil but do no damage.
The ice devil is lightly wounded.
The ice devil completely misses you.
You hit the ice devil but do no damage. You bite the ice devil.
The ice devil is lightly wounded.
You hit the ice devil but do no damage.
The ice devil is lightly wounded.
You block the ice devil's attack.
You hit the ice devil but do no damage.
The ice devil is lightly wounded.
You hit the ice devil.
The ice devil is moderately wounded.
The ice devil hits you!
* * * LOW HITPOINT WARNING * * *
The ice devil freezes you. You resist.
* * * LOW HITPOINT WARNING * * *
The ice devil barely misses you.
Welcome back to the Dungeon!
There is a collapsed entrance here.
You start resting.
An orc warrior is nearby!
You start resting.
An orc warrior is nearby!
You start resting.
An orc warrior is nearby!
The orc warrior shouts!
An orc warrior is nearby!
You are too injured to fight recklessly!
You are too injured to fight recklessly!
Casting: Confusing Touch (safe; 1% risk of failure)
Confirm with . or Enter, or press ? or * to list all spells.
Aiming: Mephitic Cloud (dangerous; 6% risk of failure)
Press: ? - help, Shift-Dir - straight line, f - orc warrior
Aim: an orc warrior, wielding a +0 dire flail and wearing a +0 chain mail (chance to affect: 81%)
The ball explodes into a vile cloud!
The stinking cloud engulfs the orc warrior.
You hear a roar!
You hear an angry buzzing noise.
The orc warrior is engulfed in noxious fumes.
Casting: Mephitic Cloud (dangerous; 6% risk of failure)
Confirm with . or Enter, or press ? or * to list all spells.
Your hands begin to glow red.
The orc warrior is engulfed in noxious fumes.
The orc warrior appears confused.
The orc warrior is engulfed in noxious fumes.
The orc warrior appears confused.
Things that are here:
a +0 robe; a +1 spectral giant club; a wand of flame (9)
The orc warrior is engulfed in noxious fumes.
The orc warrior appears confused.
You see here a +0 shortbow.
O - a ring of wizardry
Things that are here:
a +0 shortbow; a +0 chain mail; a +0 rapier You see here a +0 morningstar.
Magic restored.
Your hands stop glowing.
You hear a splash. x2
You feel a bit more experienced.
You start resting.
An orc comes into view. It is wielding a +0 club.
You are too injured to fight recklessly!
You are too injured to fight recklessly!
The orc shouts!
The orc misses you.
The orc cheers noisily, in orcish tradition.
The orc priest shouts!
You block the orc priest's attack.
The orc priest mumbles some strange prayers to Beogh against you.
Beogh smites you!
There is an open door here.
Casting: Confusing Touch (safe; 1% risk of failure)
Confirm with . or Enter, or press ? or * to list all spells.
Aiming: Mephitic Cloud (dangerous; 6% risk of failure)
Press: ? - help, Shift-Dir - straight line, f - orc priest
Aim: an orc priest, wielding a +0 dagger and wearing a +0 leather armour (chance to affect: 86%)
The ball explodes into a vile cloud!
The stinking cloud engulfs the orc priest.
You hear an angry hiss.
You hear a shout!
The orc priest is engulfed in noxious fumes.
The orc priest appears confused.
You hit the orc priest but do no damage.
You hit the orc priest.
The orc priest is lightly wounded.
The orc priest is engulfed in noxious fumes.
The orc priest appears confused.
A basilisk comes into view.
The orc priest says, "I'm a little confused."
An orc comes into view. It is wielding a +0 hand axe.
The orc priest hits the orc with a +0 dagger.
There is an open door here.
The orc closely misses you. The orc hits you with a +0 hand axe.
* * * LOW HITPOINT WARNING * * *
Something completely misses the wraith.
Something hits the wraith but does no damage.
There is a stone staircase leading up here.
Something barely misses the orc.
You climb upwards.
There is a stone staircase leading down here.
Casting: Mephitic Cloud (dangerous; 6% risk of failure)
Confirm with . or Enter, or press ? or * to list all spells.
Your hands begin to glow red.
You block the orc's attack.
You hit the orc but do no damage.
The orc appears confused.
The orc hits you with a +0 hand axe.
* * * LOW HITPOINT WARNING * * *
You catch the helpless orc completely off-guard!
You bite the orc, and draw its blood!
You feel better.
You perforate the orc like a sieve!!!
You kill the orc!
You start resting.
Magic restored.
You start resting.
HP restored.
Unknown command.
Unknown command.
You see here 6 stones.
There is a stone staircase leading down here.
You climb downwards.
There is a stone staircase leading up here.
The basilisk hisses angrily.
You hit the basilisk.
The basilisk is lightly wounded.
The basilisk gazes at you.
You are slowing down.
Casting: Confusing Touch (safe; 1% risk of failure)
Confirm with . or Enter, or press ? or * to list all spells.
Aiming: Mephitic Cloud (dangerous; 6% risk of failure)
Press: ? - help, Shift-Dir - straight line, f - basilisk
Aim: a basilisk (lightly wounded, chance to affect: 72%)
The ball explodes into a vile cloud!
The stinking cloud engulfs the basilisk.
The basilisk is lightly wounded.
The stinking cloud engulfs you.
The basilisk is engulfed in noxious fumes.
The basilisk bites you!
Your limbs are stiffening.
You hit the basilisk.
The basilisk is moderately wounded.
The basilisk is engulfed in noxious fumes.
The basilisk appears confused.
The basilisk bites you.
You catch the helpless basilisk completely off-guard!
You bite the basilisk, and draw its blood!
You feel better.
You perforate the basilisk like a sieve!!!
You kill the basilisk!
You have turned to stone.
You can now pass through a line of other dancers.
The orc priest is engulfed in noxious fumes.
The orc priest appears confused.
You can no longer pass through a line of other dancers.
The orc priest shouts!
You turn to flesh and can move again.
Unknown command.
Unknown command.
Unknown command.
Unknown command.
Unknown command.
Unknown command.
Unknown command.
Unknown command.
Unknown command.
Unknown command.
The sting hits the orc.
The orc is poisoned.
The orc is moderately wounded.
The sting hits the orc.
The orc looks even sicker.
The orc is heavily wounded.
You hit the orc.
The orc is almost dead.
The orc hits you but does no damage.
You hit the orc.
You kill the orc!
The sting hits the orc priest!
The orc priest is poisoned.
The orc priest is heavily wounded.
The sting hits the orc priest.
The orc priest looks even sicker.
The orc priest is severely wounded.
The orc priest seems less confused.
You can now pass through a line of other dancers.
The orc priest begins to cast a cantrip, but forgets the words!
You see here a basilisk corpse.
You hit the orc priest but do no damage.
The orc priest is severely wounded.
The orc priest looks satisfied for a moment.
You hit the orc priest.
The orc priest is almost dead.
You closely miss the orc priest.
The orc priest is almost dead.
The orc priest misses you.
You hit the orc priest.
You kill the orc priest!
No target in view!
A howler monkey is nearby!
A howler monkey is nearby!
A howler monkey is nearby!
There is an open door here.
The howler monkey hoots and howls with incredible vigour!
You hear a shout! x4
You miscast Sting.
You are very lightly contaminated with residual magic.
Nothing appears to happen.
The sting misses the howler monkey.
The howler monkey hoots and howls with incredible vigour!
You hear a shout! x2
Casting: Sting (safe; 1% risk of failure)
Confirm with . or Enter, or press ? or * to list all spells.
Your hands begin to glow red.
You barely miss the howler monkey. You bite the howler monkey.
You draw the howler monkey's blood!
The howler monkey is moderately wounded.
You block the howler monkey's attack.
You hit the howler monkey but do no damage.
The howler monkey appears confused.
You bite the howler monkey, but do no damage.
The howler monkey is moderately wounded.
Casting: Confusing Touch (safe; 1% risk of failure)
Confirm with . or Enter, or press ? or * to list all spells.
Your hands begin to glow red.
The howler monkey closely misses itself.
The howler monkey closely misses you.
You hit the howler monkey but do no damage.
The howler monkey is moderately wounded.
You catch the helpless howler monkey completely off-guard!
You hit the howler monkey but do no damage.
The howler monkey appears confused.
The howler monkey is moderately wounded.
The howler monkey closely misses the wraith.
You catch the helpless howler monkey completely off-guard!
You bite the howler monkey, and draw its blood!
You stick the howler monkey like a pincushion!!!
You kill the howler monkey!
Casting: Confusing Touch (safe; 1% risk of failure)
Confirm with . or Enter, or press ? or * to list all spells.
Your hands begin to glow red.
The wraith closely misses you.
Your magical contamination has completely faded away.
You hit the wraith but do no damage.
The wraith appears confused.
You bite the wraith, but do no damage. You hit the wraith.
The wraith is lightly damaged.
The wraith misses you.
You hit the wraith but do no damage.
The wraith is lightly damaged.
You catch the helpless wraith completely off-guard!
You spit the wraith like a pig!!!
You destroy the wraith!
You can now pass through a line of other dancers.
You feel your intelligence returning.
No target in view!
Magic restored.
You see here a howler monkey corpse.
P - a scroll labelled PAMNAHUXUKH A gargoyle comes into view.
It is wielding a +0 mace.
The gargoyle moves out of view.
The sting hits the troll.
The troll is poisoned.
The troll is lightly wounded.
The sting hits the troll!
The troll looks even sicker.
The troll is moderately wounded.
Casting: Sting (safe; 1% risk of failure)
Confirm with . or Enter, or press ? or * to list all spells.
Your hands begin to glow red.
The troll closely misses you. The troll misses you.
You block the troll's attack.
You hit the troll but do no damage.
The troll appears confused.
You bite the troll, but do no damage.
The troll is moderately wounded.
You hit the troll but do no damage. You bite the troll, but do no damage.
The troll is moderately wounded.
The troll closely misses you. The troll claws you. x2
The troll closely misses itself.
The troll claws itself!
The troll claws itself but does no damage.
You catch the helpless troll completely off-guard!
You bite the troll, and draw its blood!
You feel better.
You spit the troll like a pig!!!
You kill the troll!
You can now pass through a line of other dancers.
Your Dodging skill increases to level 5!
There is an open door here.
There is an open door here.
Snorg the Insatiable comes into view.
Snorg is nearby!
Snorg is nearby!
Casting: Confusing Touch (safe; 1% risk of failure)
Confirm with . or Enter, or press ? or * to list all spells.
You can't see any susceptible monsters within range! (Use Z to cast anyway.)
Casting: Confusing Touch (safe; 1% risk of failure)
Confirm with . or Enter, or press ? or * to list all spells.
Aiming: Mephitic Cloud (dangerous; 6% risk of failure)
Press: ? - help, Shift-Dir - straight line The ball explodes into a vile cloud!
Snorg shouts!
Casting: Mephitic Cloud (dangerous; 6% risk of failure)
Confirm with . or Enter, or press ? or * to list all spells.
Aiming: Mephitic Cloud (dangerous; 6% risk of failure)
Press: ? - help, Shift-Dir - straight line The ball explodes into a vile cloud!
The stinking cloud engulfs Snorg.
You hear a shout!
Snorg is engulfed in noxious fumes.
Snorg is engulfed in noxious fumes.
There is an open door here.
Press: ? - help, v - describe, . - travel
Here: Snorg (noxious fumes)
The floor.
Press: ? - help, v - describe, . - travel
Here: Snorg (noxious fumes)
The floor.
Snorg is engulfed in noxious fumes.
Casting: Mephitic Cloud (dangerous; 6% risk of failure)
Confirm with . or Enter, or press ? or * to list all spells.
Aiming: Mephitic Cloud (dangerous; 6% risk of failure)
Press: ? - help, Shift-Dir - straight line, f - Snorg
Aim: Snorg (chance to affect: 62%)
The ball explodes into a vile cloud!
The stinking cloud engulfs Snorg.
Snorg is engulfed in noxious fumes.
Snorg beckons gently.
There is an open door here.
Snorg draws her long claws delicately across her gut.
Snorg beckons gently.
An orc comes into view.
It is wielding a +0 whip and wearing a +0 leather armour of willpower.
There is a stone staircase leading up here.
Casting: Mephitic Cloud (dangerous; 6% risk of failure)
Confirm with . or Enter, or press ? or * to list all spells.
Aiming: Mephitic Cloud (dangerous; 6% risk of failure)
Press: ? - help, Shift-Dir - straight line The ball explodes into a vile cloud!
The orc shouts!
Snorg is engulfed in noxious fumes.
Snorg appears confused.
You block the orc's attack.
You climb upwards.
There is a stone staircase leading down here.
You hit the orc.
The orc is lightly wounded.
You block the orc's attack.
You hit the orc but do no damage.
The orc is lightly wounded.
You puncture the orc!
You kill the orc!
No target in view!
No target in view!
You see here 6 stones.
There is a stone staircase leading down here.
You climb downwards.
Level annotation: Snorg
There is a stone staircase leading up here.
You see here a basilisk corpse.
Things that are here:
a +0 leather armour; a +0 dagger
There is an open door, spattered with blood here.
You see here a +0 morningstar.
You see here a +0 shortbow.
Q - a wand of flame (9)
Things that are here:
a +0 robe; a +1 spectral giant club A vampire mosquito comes into view.
A vampire mosquito is nearby!
Casting: Mephitic Cloud (dangerous; 6% risk of failure)
Confirm with . or Enter, or press ? or * to list all spells.
Your hands begin to glow red.
The vampire mosquito buzzes angrily.
A vampire mosquito comes into view.
The vampire mosquito barely misses you.
You closely miss the vampire mosquito. The vampire mosquito bites you.
You hit the vampire mosquito but do no damage.
The vampire mosquito appears confused.
Casting: Confusing Touch (safe; 1% risk of failure)
Confirm with . or Enter, or press ? or * to list all spells.
Your hands begin to glow red.
You block the vampire mosquito's attack.
An orc wizard comes into view. It is wielding a +0 hand axe.
The vampire mosquito barely misses you.
You hit the vampire mosquito but do no damage.
The vampire mosquito appears confused.
You bite the vampire mosquito, but do no damage.
You block the vampire mosquito's attack.
The vampire mosquito bites itself!
The vampire mosquito bites you.
The vampire mosquito closely misses the vampire mosquito.
The vampire mosquito closely misses you.
Casting: Confusing Touch (safe; 1% risk of failure)
Confirm with . or Enter, or press ? or * to list all spells.
Your hands begin to glow red.
The vampire mosquito barely misses you.
The vampire mosquito bites you but does no damage.
You hit the vampire mosquito but do no damage.
The vampire mosquito appears confused.
The vampire mosquito bites you but does no damage.
You hit the vampire mosquito. You bite the vampire mosquito.
The vampire mosquito is severely damaged.
The vampire mosquito barely misses you. The vampire mosquito bites you.
You strike the helpless vampire mosquito from behind!
You skewer the vampire mosquito like a kebab!!!
You destroy the vampire mosquito!
You can now pass through a line of other dancers.
You hit the vampire mosquito. You bite the vampire mosquito.
The vampire mosquito is moderately damaged.
The vampire mosquito bites you.
You hit the vampire mosquito.
You bite the vampire mosquito, but do no damage.
The vampire mosquito is moderately damaged.
No reachable target in view!
No reachable target in view!
The vampire mosquito seems less confused.
The vampire mosquito bites you but does no damage.
You hit the vampire mosquito. You bite the vampire mosquito.
The vampire mosquito is heavily damaged.
The vampire mosquito misses you.
Casting: Confusing Touch (safe; 1% risk of failure)
Confirm with . or Enter, or press ? or * to list all spells.
Your hands begin to glow red.
You block the vampire mosquito's attack.
An acid dragon comes into view.
The vampire mosquito closely misses you.
The acid dragon roars!
You hit the vampire mosquito but do no damage.
The vampire mosquito appears confused.
You bite the vampire mosquito.
The vampire mosquito is severely damaged.
The vampire mosquito bites itself.
You hit the vampire mosquito.
The vampire mosquito is almost destroyed.
You hit the vampire mosquito.
You destroy the vampire mosquito!
The acid dragon spits acid at you. You block the splash of acid.
You start resting.
Magic restored.
You start resting.
An acid dragon is nearby!
Casting: Confusing Touch (safe; 1% risk of failure)
Confirm with . or Enter, or press ? or * to list all spells.
Your hands begin to glow red.
The acid dragon closely misses you. The acid dragon claws you.
You hit the acid dragon but do no damage.
The acid dragon appears confused.
You bite the acid dragon, but do no damage.
You can no longer pass through a line of other dancers.
You hit the acid dragon.
The acid dragon is lightly wounded.
The acid dragon bites you! The acid dragon misses you.
You hit the acid dragon but do no damage.
The acid dragon is lightly wounded.
You completely miss the acid dragon.
The acid dragon is lightly wounded.
The acid dragon closely misses you. x2
You hit the acid dragon.
The acid dragon is lightly wounded.
You can now pass through a line of other dancers.
You hit the acid dragon but do no damage.
The acid dragon is lightly wounded.
You block the acid dragon's attack. x2
The orc wizard shouts!
You hit the acid dragon. You bite the acid dragon.
You draw the acid dragon's blood!
You feel better.
The acid dragon is moderately wounded.
You hear an angry hiss.
You catch the helpless acid dragon completely off-guard!
You bite the acid dragon, and draw its blood!
You feel better.
You stick the acid dragon like a pincushion!!!
You kill the acid dragon!
Casting: Confusing Touch (safe; 1% risk of failure)
Confirm with . or Enter, or press ? or * to list all spells.
Your hands begin to glow red.
The orc wizard casts a spell at you. The puff of flame misses you.
You hit the orc wizard but do no damage.
The orc wizard appears confused.
You bite the orc wizard, but do no damage.
The orc wizard hits you but does no damage.
The orc wizard hits itself with a +0 hand axe.
You hit the orc wizard but do no damage.
The orc wizard is heavily wounded.
You barely miss the orc wizard.
The orc wizard is heavily wounded.
You catch the helpless orc wizard completely off-guard!
You bite the orc wizard, and draw its blood!
You feel better.
You stick the orc wizard like a pincushion!!!
You kill the orc wizard!
Uskayaw will force your foes to helplessly watch your dance.
Magic restored.
HP restored.
You see here a vampire mosquito corpse.
A komodo dragon comes into view.
A komodo dragon is nearby!
A komodo dragon is nearby!
A komodo dragon is nearby!
You can't see any susceptible monsters within range! (Use Z to cast anyway.)
Casting: Confusing Touch (safe; 1% risk of failure)
Confirm with . or Enter, or press ? or * to list all spells.
Your hands begin to glow red.
Casting: Confusing Touch (safe; 1% risk of failure)
Confirm with . or Enter, or press ? or * to list all spells.
Aiming: Mephitic Cloud (dangerous; 6% risk of failure)
Press: ? - help, Shift-Dir - straight line, f - komodo dragon
Aim: a komodo dragon (chance to confuse on hit: 47%, chance to affect: 62%)
The ball explodes into a vile cloud!
The stinking cloud engulfs the komodo dragon.
The komodo dragon is engulfed in noxious fumes.
You hit the komodo dragon but do no damage.
The komodo dragon appears confused.
The komodo dragon is engulfed in noxious fumes.
Found a robe.
Found a chain mail.
The komodo dragon bites you but does no damage.
You barely miss the komodo dragon. You hit the komodo dragon.
The komodo dragon is lightly wounded.
You strike the helpless komodo dragon from behind!
You bite the komodo dragon, and draw its blood!
You perforate the komodo dragon like a sieve!!!
You kill the komodo dragon!
You can now pass through a line of other dancers.
You feel your dexterity returning.
Found an escape hatch in the ceiling.
There is an open door here.
You see here a +0 dagger of venom.
There is an escape hatch in the ceiling here.
An orc comes into view. It is wielding a +0 club.
Found a potion of curing.
The sting hits the orc but does no damage.
The orc is poisoned.
The orc shouts!
You block the orc's attack.
You hit the orc.
The orc is severely wounded.
The orc closely misses you.
You hit the orc but do no damage.
The orc is severely wounded.
You hit the orc but do no damage.
The orc is severely wounded.
You hit the orc.
You kill the orc!
No target in view!
An orc comes into view. It is wielding a +0 falchion.
Things that are here:
a +0 club; a +0 leather armour; an orc corpse An orc is nearby!
An orc is nearby!
Found a stone staircase leading down.
No target in view!
An orc comes into view. It is wielding a +0 short sword.
An orc wizard comes into view. It is wielding a +0 dagger.
The orc wizard moves out of view.
The orc hits you with a +0 falchion.
You closely miss the orc.
The orc shouts!
You bite the orc.
You draw the orc's blood!
You feel better.
The orc is moderately wounded.
You closely miss the orc. You bite the orc.
You kill the orc!
An orc comes into view.
It is wielding a +1 morningstar of draining.
You see here a potion of curing.
An orc comes into view. It is wielding a +0 whip.
The sting misses the orc.
The sting hits the orc.
The orc is poisoned.
The orc is lightly wounded.
The orc shouts!
The orc wizard shouts!
You hear a shout!
Casting: Sting (safe; 1% risk of failure)
Confirm with . or Enter, or press ? or * to list all spells.
You don't know that spell.
The sting hits the orc.
The orc is poisoned.
The orc is lightly wounded.
You hit the orc but do no damage.
The orc is lightly wounded.
You hit the orc.
You kill the orc!
Casting: Sting (safe; 1% risk of failure)
Confirm with . or Enter, or press ? or * to list all spells.
Aiming: Mephitic Cloud (dangerous; 6% risk of failure)
Press: ? - help, Shift-Dir - straight line, f - orc priest
Aim: an orc priest, wielding a +0 dagger (chance to affect: 86%)
The ball explodes into a vile cloud!
The stinking cloud engulfs the orc priest.
The stinking cloud engulfs the orc.
The stinking cloud engulfs the orc wizard.
The stinking cloud engulfs the orc.
The orc is severely wounded.
You hear a shout!
The orc priest is engulfed in noxious fumes.
The orc priest appears confused.
The orc priest hits the orc wizard with a +0 dagger.
The orc is engulfed in noxious fumes.
The orc appears confused.
The orc is engulfed in noxious fumes.
The orc appears confused.
The orc barely misses the orc priest.
A troll comes into view.
The orc priest is engulfed in noxious fumes.
The orc priest appears confused.
The orc priest closely misses the orc wizard.
The orc wizard hits you with a +0 dagger.
The orc closely misses the orc.
The orc is engulfed in noxious fumes.
The orc appears confused.
The orc hits the orc priest with a +1 morningstar of draining!
The orc drains the orc priest.
The orc priest is killed!
The orc hits itself with a +1 morningstar of draining.
The orc is killed!
You hit the orc wizard but do no damage.
The orc wizard is lightly wounded.
You hit the orc wizard.
The orc wizard is lightly wounded.
The orc wizard gestures at you while chanting.
The magic dart hits you!
You hit the orc wizard but do no damage.
The orc wizard is lightly wounded.
You closely miss the orc wizard.
The orc wizard is lightly wounded.
The orc wizard hits you but does no damage.
The orc is engulfed in noxious fumes.
The orc appears confused.
You closely miss the orc wizard. You bite the orc wizard.
You draw the orc wizard's blood!
You feel better.
The orc wizard is heavily wounded.
You can now pass through a line of other dancers.
You closely miss the orc wizard.
The orc wizard is heavily wounded.
The orc wizard barely misses you.
The orc is engulfed in noxious fumes.
The orc appears confused.
You miss the orc wizard. Your bite misses the orc wizard.
The orc wizard is heavily wounded.
Casting: Mephitic Cloud (dangerous; 6% risk of failure)
Confirm with . or Enter, or press ? or * to list all spells.
Aiming: Mephitic Cloud (dangerous; 6% risk of failure)
Press: ? - help, Shift-Dir - straight line, f - orc wizard
Aim: an orc wizard, wielding a +0 dagger and wearing a +0 robe (heavily wounded, chance to affect: 86%)
The ball explodes into a vile cloud!
The stinking cloud engulfs the orc wizard.
The orc wizard is heavily wounded.
The stinking cloud engulfs you.
You hear a shout!
The troll is engulfed in noxious fumes.
The orc wizard is engulfed in noxious fumes.
The orc wizard appears confused.
The orc wizard closely misses you.
The orc wizard hits itself with a +0 dagger.
You hit the orc wizard.
The orc wizard is almost dead.
You strike the helpless orc wizard from behind!
You bite the orc wizard, and draw its blood!
You feel better.
You spit the orc wizard like a pig!!!
You kill the orc wizard!
The troll is engulfed in noxious fumes.
The troll appears confused.
You hit the troll. You bite the troll.
You draw the troll's blood!
The troll is lightly wounded.
You hit the troll.
The troll is lightly wounded.
The troll is engulfed in noxious fumes.
The troll appears confused.
The orc is engulfed in noxious fumes.
The orc appears confused.
The troll is engulfed in noxious fumes.
The orc is engulfed in noxious fumes.
The orc appears confused.
Things that are here:
a +0 dagger; a +0 robe; an orc corpse You hit the orc but do no damage.
You bite the orc.
You draw the orc's blood!
The orc is severely wounded.
You catch the helpless orc completely off-guard!
You bite the orc, and draw its blood! You perforate the orc like a sieve!!!
You kill the orc!
The troll is engulfed in noxious fumes.
The troll appears confused.
You strike the helpless troll from behind!
You bite the troll, and draw its blood! You skewer the troll like a kebab!!!
Your bite misses the troll.
The troll is almost dead.
Uskayaw will force your foes to helplessly watch your dance.
Uskayaw prepares the audience for your solo!
The helpless troll fails to defend itself.
You bite the troll, and draw its blood! You skewer the troll like a kebab!!!!
You kill the troll!
An orc comes into view. It is wielding a +1 trident of venom.
Things that are here:
a +1 morningstar of draining; an orc corpse An orc is nearby!
An orc warrior comes into view. It is wielding a +0 short sword.
An orc comes into view. It is wielding a +0 hand axe.
The orc misses you.
Casting: Mephitic Cloud (dangerous; 6% risk of failure)
Confirm with . or Enter, or press ? or * to list all spells.
Aiming: Mephitic Cloud (dangerous; 6% risk of failure)
Press: ? - help, Shift-Dir - straight line The ball explodes into a vile cloud!
The stinking cloud engulfs the orc warrior.
The stinking cloud engulfs the orc.
The orc hits you but does no damage.
The orc warrior is engulfed in noxious fumes.
The orc warrior appears confused.
Casting: Mephitic Cloud (dangerous; 6% risk of failure)
Confirm with . or Enter, or press ? or * to list all spells.
Aiming: Mephitic Cloud (dangerous; 6% risk of failure)
Press: ? - help, Shift-Dir - straight line The ball explodes into a vile cloud!
The stinking cloud engulfs the orc warrior.
The stinking cloud engulfs you.
The stinking cloud engulfs the orc. x2
You block the orc's attack.
The orc is engulfed in noxious fumes.
The orc appears confused.
The orc warrior is engulfed in noxious fumes.
The orc warrior hits the orc with a +0 short sword!
The orc is killed!
An orc warrior comes into view. It is wielding a +0 halberd.
You hit the orc warrior but do no damage.
The orc hits you with a +1 trident of venom.
The orc warrior is engulfed in noxious fumes.
The orc warrior hits you with a +0 short sword.
You barely miss the orc warrior. You barely miss the orc warrior.
You block the orc's attack.
The orc warrior is engulfed in noxious fumes.
The orc warrior appears confused.
You can no longer pass through a line of other dancers.
You hit the orc. You bite the orc.
You kill the orc!
The orc warrior is engulfed in noxious fumes.
The orc warrior appears confused.
You hit the orc warrior but do no damage.
The orc warrior hits you but does no damage.
The orc warrior hits itself but does no damage.
You puncture the orc warrior!
The orc warrior is moderately wounded.
You can now pass through a line of other dancers.
You catch the helpless orc warrior completely off-guard!
You bite the orc warrior, and draw its blood!
You feel better.
You skewer the orc warrior like a kebab!!!
You kill the orc warrior!
The orc warrior hits you from afar with a +0 halberd!
You block the orc warrior's attack.
Things that are here:
a +0 hand axe; a +0 ring mail
Casting: Mephitic Cloud (dangerous; 5% risk of failure)
Confirm with . or Enter, or press ? or * to list all spells.
Aiming: Mephitic Cloud (dangerous; 5% risk of failure)
Press: ? - help, Shift-Dir - straight line, f - orc warrior
Aim: an orc warrior, wielding a +0 halberd and wearing a +0 chain mail (chance to affect: 81%)
The ball explodes into a vile cloud!
The stinking cloud engulfs the orc warrior.
The stinking cloud engulfs you.
The orc warrior is engulfed in noxious fumes.
The orc warrior appears confused. 2 orc priests come into view.
Found a staircase to the Orcish Mines.
The orc warrior hits you with a +0 halberd.
You barely miss the orc warrior.
The orc priest shouts!
You hit the orc warrior but do no damage.
The orc warrior wonders, "What am I doing in here?"
You catch the helpless orc warrior completely off-guard!
You bite the orc warrior, and draw its blood!
You feel better.
You stick the orc warrior like a pincushion!!!
You kill the orc warrior!
No reachable target in view!
No reachable target in view!
The orc priest looks braver for a moment.
The orc priest miscasts a cantrip.
The sting hits the orc priest.
The orc priest is poisoned.
The orc priest is lightly wounded.
The sting hits the orc priest.
The orc priest looks even sicker.
The orc priest is moderately wounded.
The sting hits the orc priest.
The orc priest looks even sicker.
The orc priest is heavily wounded.
The sting hits the orc priest.
The orc priest is poisoned.
The orc priest is moderately wounded.
The sting hits the orc priest.
The orc priest looks even sicker.
The orc priest is severely wounded.
Uskayaw will force your foes to helplessly watch your dance.
The sting hits the orc priest.
The orc priest looks even sicker.
The orc priest is severely wounded.
You feel a bit more experienced.
You feel a bit more experienced.
Unknown command.
Items here: )) [ ††.
You see here a +0 dagger.
Things that are here:
a +0 dagger; a +0 robe; an orc corpse An electric eel comes into view.
You see here a potion of curing.
An electric eel is nearby!
An electric eel is nearby!
The sting hits the electric eel!
The electric eel is poisoned.
The electric eel is heavily wounded.
The electric eel shoots out a bolt of lightning at you!
The bolt of electricity hits you.
The sting hits the electric eel.
The electric eel looks even sicker.
The electric eel is severely wounded.
The electric eel shoots out a bolt of lightning at you!
The bolt of electricity hits you!
The sting hits the electric eel.
The electric eel looks even sicker.
The electric eel is severely wounded.
The electric eel shoots out a bolt of lightning at you!
The bolt of electricity hits you.
The sting hits the electric eel.
The electric eel looks as sick as possible!
You kill the electric eel!
You hear a splash.
g - 7 potions of curing (gained 1)
Things that are here:
a +0 club; a +0 leather armour; an orc corpse A gargoyle is nearby!
A gargoyle is nearby!
No target in view!
Casting: Sting (safe; 1% risk of failure)
Confirm with . or Enter, or press ? or * to list all spells.
Your hands begin to glow red.
The gargoyle hits you with a +0 mace!
You closely miss the gargoyle.
The gargoyle hurls a stone arrow at you.
The stone arrow hits you!
You are too injured to fight recklessly!
You hit the gargoyle but do no damage.
You bite the gargoyle, but do no damage.
You hit the gargoyle but do no damage. Your bite misses the gargoyle.
The gargoyle hits you with a +0 mace!
* * * LOW HITPOINT WARNING * * *
You hit the gargoyle but do no damage. You hit the gargoyle but do no damage.
The gargoyle appears confused.
You catch the helpless gargoyle completely off-guard!
You spit the gargoyle like a pig!!!
You destroy the gargoyle!
You feel your intelligence returning.
Snorg is nearby!
Snorg is nearby!
Snorg is nearby!
You can't see any susceptible monsters within range! (Use Z to cast anyway.)
Casting: Confusing Touch (safe; 1% risk of failure)
Confirm with . or Enter, or press ? or * to list all spells.
Aiming: Mephitic Cloud (dangerous; 5% risk of failure)
Press: ? - help, Shift-Dir - straight line The ball explodes into a vile cloud!
The stinking cloud engulfs Snorg.
Snorg shouts!
Snorg is engulfed in noxious fumes.
Snorg appears confused.
Snorg mumbles something.
Snorg is engulfed in noxious fumes.
Casting: Mephitic Cloud (dangerous; 5% risk of failure)
Confirm with . or Enter, or press ? or * to list all spells.
Aiming: Mephitic Cloud (dangerous; 5% risk of failure)
Press: ? - help, Shift-Dir - straight line, f - Snorg
Aim: Snorg (confused, chance to affect: 62%)
The ball explodes into a vile cloud!
The stinking cloud engulfs Snorg.
Snorg is engulfed in noxious fumes.
Snorg appears confused.
Snorg is engulfed in noxious fumes.
Snorg appears confused.
You block Snorg's attack. x2; Snorg closely misses you.
You hit Snorg.
Snorg is lightly wounded.
Snorg is engulfed in noxious fumes.
You barely miss Snorg. You bite Snorg.
You draw Snorg's blood!
You feel better.
Snorg is lightly wounded.
You catch the helpless Snorg completely off-guard!
You bite Snorg, and draw her blood! You spit Snorg like a pig!!!
Snorg is heavily wounded.
You can now pass through a line of other dancers.
You hit Snorg. You bite Snorg.
You draw Snorg's blood!
Snorg is severely wounded.
Snorg is engulfed in noxious fumes.
Snorg appears confused.
Snorg is engulfed in noxious fumes.
Snorg gestures wildly.
You barely miss Snorg.
Snorg is severely wounded.
You hit Snorg. You bite Snorg.
You draw Snorg's blood!
Snorg is severely wounded.
Snorg is engulfed in noxious fumes.
You hit Snorg.
Snorg is severely wounded.
Snorg is engulfed in noxious fumes.
Snorg appears confused.
Snorg barely misses you. Snorg completely misses you. You block Snorg's attack.
You hit Snorg but do no damage.
Snorg is severely wounded.
You barely miss Snorg.
Snorg is severely wounded.
You hit Snorg. You bite Snorg.
You draw Snorg's blood!
Snorg is severely wounded.
Snorg is engulfed in noxious fumes.
Snorg bites you. Snorg closely misses you. Snorg completely misses you.
You hit Snorg. You bite Snorg.
You draw Snorg's blood!
You feel better.
Snorg is severely wounded.
Uskayaw will force your foes to helplessly watch your dance.
Uskayaw prepares the audience for your solo!
The helpless Snorg fails to defend herself.
You bite Snorg, and draw her blood! You spit Snorg like a pig!!!!
You kill Snorg!
You feel your dexterity returning.
Your Fighting skill increases to level 4!
An electric eel comes into view.
The electric eel shoots out a bolt of lightning at you!
The bolt of electricity hits you!
An electric eel is nearby!
An electric eel is nearby!
An electric eel is nearby!
Casting: Mephitic Cloud (dangerous; 5% risk of failure)
Confirm with . or Enter, or press ? or * to list all spells.
You can't see any susceptible monsters within range! (Use Z to cast anyway.)
You start resting.
HP restored.
The electric eel shoots out a bolt of lightning at you!
The bolt of electricity hits you!
You can't see any susceptible monsters within range! (Use Z to cast anyway.)
Casting: Mephitic Cloud (dangerous; 5% risk of failure)
Confirm with . or Enter, or press ? or * to list all spells.
Aiming: Mephitic Cloud (dangerous; 5% risk of failure)
Press: ? - help, Shift-Dir - straight line The ball explodes into a vile cloud!
The stinking cloud engulfs the electric eel.
The electric eel shoots out a bolt of lightning at you!
The bolt of electricity hits you.
Casting: Mephitic Cloud (dangerous; 5% risk of failure)
Confirm with . or Enter, or press ? or * to list all spells.
Aiming: Mephitic Cloud (dangerous; 5% risk of failure)
Press: ? - help, Shift-Dir - straight line You miscast Mephitic Cloud.
You are very lightly contaminated with residual magic.
Nothing appears to happen.
The electric eel shoots out a bolt of lightning at you!
The bolt of electricity misses you.
Casting: Mephitic Cloud (dangerous; 5% risk of failure)
Confirm with . or Enter, or press ? or * to list all spells.
Aiming: Mephitic Cloud (dangerous; 5% risk of failure)
Press: ? - help, Shift-Dir - straight line The ball explodes into a vile cloud!
The stinking cloud engulfs the electric eel.
You hear a shout!
The electric eel shoots out a bolt of lightning at you!
The bolt of electricity hits you!
Your magical contamination has completely faded away.
You start resting.
Magic restored.
You start resting.
An orc comes into view. It is wielding a +0 flail.
The sting misses the orc.
The orc shouts!
The sting hits the orc.
The orc is poisoned.
The orc is heavily wounded.
The sting hits the orc!
The orc looks even sicker.
You kill the orc!
Magic restored.
HP restored.
You see here a +0 flail.
There is a stone staircase leading down here.
The sting hits the cyclops!
The cyclops is poisoned.
The cyclops is lightly wounded.
The electric eel shoots out a bolt of lightning at you!
The bolt of electricity hits you!
Casting: Sting (safe; 1% risk of failure)
Confirm with . or Enter, or press ? or * to list all spells.
Aiming: Mephitic Cloud (dangerous; 5% risk of failure)
Press: ? - help, Shift-Dir - straight line, f/p - cyclops
Aim: a cyclops, quivering large rocks (water, lightly wounded, poisoned, chance to affect: 58%)
The ball explodes into a vile cloud!
The stinking cloud engulfs the cyclops.
The cyclops is lightly wounded.
The electric eel shoots out a bolt of lightning at you!
The bolt of electricity hits you!
You start resting.
Magic restored.
You start resting.
A cyclops is nearby!
Casting: Mephitic Cloud (dangerous; 5% risk of failure)
Confirm with . or Enter, or press ? or * to list all spells.
Aiming: Mephitic Cloud (dangerous; 5% risk of failure)
Press: ? - help, Shift-Dir - straight line, p - cyclops The ball explodes into a vile cloud!
The stinking cloud engulfs the cyclops.
The cyclops is moderately wounded.
The cyclops seems less confused.
You can't see any susceptible monsters within range! (Use Z to cast anyway.)
The cyclops is engulfed in noxious fumes.
The cyclops throws a large rock.
The large rock hits you!
You are too injured to fight recklessly!
You are too injured to fight recklessly!
The cyclops is engulfed in noxious fumes.
The cyclops appears confused.
You are too injured to fight recklessly!
Casting: Mephitic Cloud (dangerous; 5% risk of failure)
Confirm with . or Enter, or press ? or * to list all spells.
Aiming: Sting (safe; 1% risk of failure)
Press: ? - help, Shift-Dir - straight line, f - cyclops
Aim: a cyclops, quivering large rocks (noxious fumes, moderately wounded, confused, 100% to hit)
The sting hits the cyclops.
The cyclops is poisoned.
The cyclops is moderately wounded.
The cyclops is engulfed in noxious fumes.
Casting: Sting (safe; 1% risk of failure)
Confirm with . or Enter, or press ? or * to list all spells.
Aiming: Sting (safe; 1% risk of failure)
Press: ? - help, Shift-Dir - straight line, f/p - cyclops
Aim: a cyclops, quivering large rocks (heavily wounded, confused, poisoned, 100% to hit)
The sting hits the cyclops.
The cyclops looks even sicker.
The cyclops is heavily wounded.
Casting: Sting (safe; 1% risk of failure)
Confirm with . or Enter, or press ? or * to list all spells.
Aiming: Sting (safe; 1% risk of failure)
Press: ? - help, Shift-Dir - straight line, f/p - cyclops
Aim: a cyclops, quivering large rocks (heavily wounded, confused, very poisoned, 100% to hit)
The sting hits the cyclops.
The cyclops looks even sicker.
The cyclops is heavily wounded.
The cyclops mumbles something.
You hit the cyclops but do no damage.
The cyclops is heavily wounded.
You hit the cyclops but do no damage. You bite the cyclops, but do no damage.
The cyclops is heavily wounded.
The cyclops seems less confused.
The cyclops hits you!!
* * * LOW HITPOINT WARNING * * *
Casting: Sting (safe; 1% risk of failure)
Confirm with . or Enter, or press ? or * to list all spells.
Aiming: Mephitic Cloud (dangerous; 5% risk of failure)
Press: ? - help, Shift-Dir - straight line, f/p - cyclops
Aim: a cyclops, quivering large rocks (heavily wounded, very poisoned, chance to affect: 58%)
The ball explodes into a vile cloud!
The stinking cloud engulfs the cyclops.
The cyclops is heavily wounded.
The stinking cloud engulfs you.
The cyclops is engulfed in noxious fumes.
The cyclops attacks as it pursues you! The cyclops hits you!
You die...
Your body falls in perfect tune with the rhythm.

..........'.........'.
........#.#.........#
..##..#.#.##.......#
..##.##.#.###.....##
..........# ##...##
.###.##.### ##'## ........#
####.# ####.####
##.##.##### #.# #.#...@...#
#.# ##.#..C##.# ####.##
#....§.#.#
#.....######.#.§.##.#
..#>.........##.###........
..............☼☼..C?....###
≈≈≈≈≈≈≈≈≈≈≈≈≈≈≈≈≈≈≈≈≈≈≈.#
≈≈≈≈≈≈≈≈≈≈≈≈≈≈≈≈≈≈≈≈≈S≈.#
#####################≈≈.#


You could see a cyclops (very poisoned).

Vanquished Creatures
  Snorg (D:12)
  Erolcha (D:12)
  3 two-headed ogres
  A deep elf pyromancer (D:12)
  2 cyclopes (D:11)
  A manticore (D:11)
  An ugly thing (D:11)
  2 gargoyles
  5 centaur zombies (D:10)
  2 rime drakes (D:12)
  A komodo dragon (D:12)
  2 ice devils (IceCv)
  2 unseen horror zombies (D:10)
  7 trolls
  Sigmund (D:3)
  3 wraiths
  14 yaks
  4 wyverns
  A steam dragon (D:9)
  A vampire (D:11)
  2 basilisks (D:12)
  2 vampire mosquitoes (D:12)
  Menkaure (D:7)
  A harpy simulacrum (IceCv)
  3 acid dragons
  Pargi (Sewer)
  A sky beast (D:8)
  8 orc warriors
  An ice beast (D:8)
  7 centaurs
  A kobold brigand (D:9)
  6 phantoms
  A brain worm (Sewer)
  2 bullfrogs
  5 scorpions
  2 cane toad simulacra (IceCv)
  2 two-headed ogre simulacra (IceCv)
  13 wights
  3 water moccasin zombies (D:5)
  A water moccasin skeleton (D:5)
  5 killer bees
  An electric eel (D:12)
  2 bombardier beetles
  4 howler monkeys
  2 bullfrog zombies (D:5)
  A human zombie (D:5)
  4 jellies
  A sleepcap (D:4)
  8 orc priests
  2 hounds
  2 iguanas
  7 orc wizards
  Robin (D:3)
  3 howler monkey zombies (D:10)
  4 gnolls (D:3)
  5 adders
  A shadow imp (D:5)
  2 white imps (D:7)
  An ufetubus (IceCv)
  An adder zombie (D:5)
  5 dart slugs
  6 ribbon worms
  33 orcs
  8 endoplasms
  2 giant cockroaches
  22 goblins
  8 hobgoblins
  6 jackals
  9 kobolds
  2 quokkas
  7 ball pythons
  15 bats
  7 frilled lizards
  3 rats
308 creatures vanquished.

Vanquished Creatures (collateral kills)
  2 killer bees (D:10)
2 creatures vanquished.

Vanquished Creatures (others)
  A killer bee (D:10)
1 creature vanquished.

Grand Total: 311 creatures vanquished

Notes
Turn   | Place    | Note
-------+----------+-------------------------------------------
     0 | D:1      | sleeves the Vampire Alchemist began the quest for the Orb.
     0 | D:1      | Reached XP level 1. HP: 13/13 MP: 3/3
   362 | D:1      | Reached XP level 2. HP: 19/19 MP: 3/5
   575 | D:1      | Reached skill level 4 in Stealth
  1101 | D:1      | Found a faded altar of an unknown god.
  1148 | D:2      | Reached skill level 4 in Alchemy
  1148 | D:2      | Gained mutation: You are afflicted with vampirism and can
                  | become a bat while bloodless. [Vampire growth]
  1148 | D:2      | Reached XP level 3. HP: 24/24 MP: 1/6
  1226 | D:2      | HP: 12/24 [ribbon worm (8)]
  1732 | D:2      | Reached skill level 5 in Stealth
  1732 | D:2      | Reached XP level 4. HP: 18/30 MP: 2/7
  1815 | D:2      | You fall into a shaft and drop 2 floors!
  2097 | D:4      | Noticed a scorpion
  2101 | D:4      | Killed a scorpion
  2102 | D:4      | Reached skill level 6 in Stealth
  2102 | D:4      | Reached skill level 5 in Alchemy
  2102 | D:4      | Reached XP level 5. HP: 26/35 MP: 3/8
  2109 | D:4      | HP: 17/35 [poisoned by a scorpion]
  2179 | D:5      | Entered Level 5 of the Dungeon
  2210 | D:5      | Noticed a phantom
  2341 | D:4      | Found a staircase to the Ecumenical Temple.
  2356 | Temple   | Entered the Ecumenical Temple
  2379 | Temple   | Became a worshipper of Uskayaw the Reveller
  2550 | D:2      | Reached * piety under Uskayaw
  2883 | D:3      | Reached ** piety under Uskayaw
  2884 | D:3      | Reached skill level 1 in Short Blades
  2888 | D:3      | Reached *** piety under Uskayaw
  2889 | D:3      | Reached skill level 7 in Stealth
  2895 | D:3      | Reached **** piety under Uskayaw
  3049 | D:3      | Noticed Robin
  3077 | D:3      | Reached XP level 6. HP: 30/32 MP: 7/9
  3137 | D:3      | Killed Robin
  3240 | D:3      | Found a runed translucent gate.
  3241 | D:3      | Found a runed translucent gate.
  3243 | D:3      | Found a runed translucent gate.
  3244 | D:3      | Noticed hattop's ghost (amateur CoCA)
  3425 | D:3      | Noticed Sigmund
  3435 | D:3      | HP: 12/32 [Sigmund/+0 scythe (9)]
  3439 | D:3      | Killed Sigmund
  3440 | D:3      | Reached skill level 2 in Short Blades
  3440 | D:3      | Reached skill level 8 in Stealth
  3440 | D:3      | Reached skill level 6 in Alchemy
  3958 | D:4      | Reached skill level 3 in Short Blades
  3958 | D:4      | Reached XP level 7. HP: 36/36 MP: 10/10
  4007 | D:4      | Reached skill level 9 in Stealth
  4117 | D:5      | Reached skill level 4 in Short Blades
  4318 | D:5      | Reached skill level 10 in Stealth
  4360 | D:5      | Reached skill level 11 in Stealth
  4364 | D:5      | Reached XP level 8. HP: 41/41 MP: 11/11
  4380 | D:5      | Reached skill level 12 in Stealth
  4389 | D:5      | Found an ancient bone altar of Kikubaaqudgha.
  4391 | D:5      | Reached ***** piety under Uskayaw
  4404 | D:5      | Reached skill level 13 in Stealth
  4483 | D:5      | Found a broken altar of Ashenzari.
  4563 | D:5      | Found a stormy altar of Qazlal.
  4644 | D:5      | Noticed a two-headed ogre
  4645 | D:5      | Killed a two-headed ogre
  4646 | D:5      | Reached skill level 15 in Stealth
  4646 | D:5      | Reached skill level 1 in Conjurations
  4646 | D:5      | Reached XP level 9. HP: 45/45 MP: 12/12
  5105 | D:6      | Found a glowing drain.
  5111 | D:6      | Reached skill level 3 in Spellcasting
  5121 | Sewer    | Entered a sewer
  5138 | Sewer    | Noticed Pargi
  5150 | Sewer    | Killed Pargi
  5151 | Sewer    | Reached skill level 5 in Short Blades
  5151 | Sewer    | Reached skill level 2 in Conjurations
  5418 | D:6      | Found Huesk's Assorted Antiques.
  5894 | D:7      | Noticed a troll
  5936 | D:6      | Learned a level 3 spell: Mephitic Cloud
  6014 | D:7      | Noticed a troll
  6019 | D:7      | Killed a troll
  6056 | D:7      | Found a shadowy altar of Dithmenos.
  6060 | D:7      | Reached skill level 4 in Spellcasting
  6203 | D:7      | Noticed Menkaure
  6244 | D:7      | Killed Menkaure
  6245 | D:7      | Reached skill level 6 in Short Blades
  6245 | D:7      | Reached skill level 3 in Conjurations
  6259 | D:7      | Found the +18 Lear's hauberk
  6271 | D:7      | Killed a troll
  6601 | D:7      | Found a burning altar of Makhleb.
  6601 | D:7      | Found a sacrificial altar of Ru.
  6601 | D:7      | Found a radiant altar of Vehumet.
  6721 | D:8      | Found an opulent altar of Gozag.
  6835 | D:8      | HP: 21/45 [sky beast (5)]
  6946 | D:8      | Found Ruxkea's Magic Scroll Shoppe.
  6953 | D:8      | Found Viojeb's Armour Shop.
  7104 | D:8      | Reached skill level 5 in Spellcasting
  7104 | D:8      | Reached XP level 10. HP: 50/50 MP: 17/17
  7132 | D:8      | Found a runed translucent door.
  7134 | D:8      | Found a shimmering altar of Xom.
  7134 | D:8      | Noticed yleetSyT's ghost (novice DjFE)
  7136 | D:8      | Noticed a +2 trident of chaos
  7305 | D:8      | Found Sojed Nues's Weapon Emporium.
  7324 | D:8      | Reached skill level 7 in Short Blades
  7328 | D:8      | Learned a level 3 spell: Confusing Touch
  7398 | D:8      | Found Imis Nam's Magic Scroll Emporium.
  7777 | D:9      | Reached skill level 4 in Conjurations
  7777 | D:9      | Reached skill level 1 in Hexes
  7932 | D:9      | Noticed a two-headed ogre
  7935 | D:9      | Killed a two-headed ogre
  7936 | D:9      | Reached skill level 1 in Shields
  7936 | D:9      | Reached skill level 2 in Hexes
  7954 | D:9      | Reached skill level 3 in Hexes
  7985 | D:9      | Reached skill level 2 in Shields
  8036 | D:9      | Found a faded altar of an unknown god.
  8036 | D:9      | Found a hazy altar of Hepliaklqana.
  8051 | D:9      | Found a faded altar of an unknown god.
  8069 | D:9      | HP: 21/50 [wight/+2 long sword of freezing (11)]
  8231 | D:9      | Found a staircase to the Lair.
  8271 | D:9      | Reached skill level 4 in Hexes
  8323 | D:9      | Found a bloodstained altar of Trog.
  8735 | D:9      | Reached skill level 7 in Alchemy
  9097 | D:7      | Reached skill level 6 in Spellcasting
  9194 | D:7      | Reached skill level 3 in Shields
  9383 | D:4      | Reached skill level 5 in Hexes
  9682 | D:10     | Entered Level 10 of the Dungeon
  9841 | D:10     | Noticed a two-headed ogre
  9863 | D:10     | Killed a two-headed ogre
 10091 | D:10     | HP: 25/50 [centaur warrior zombie (7)]
 10096 | D:10     | Reached skill level 6 in Hexes
 10098 | D:10     | HP: 22/50 [unseen horror zombie (3)]
 10101 | D:10     | Reached XP level 11. HP: 24/54 MP: 11/20
 10217 | D:10     | Reached skill level 4 in Shields
 10233 | D:10     | HP: 26/54 [killer bee (8)]
 10234 | D:10     | Reached skill level 8 in Alchemy
 10361 | D:10     | Reached skill level 7 in Hexes
 10400 | D:10     | HP: 18/54 [gargoyle/+0 morningstar (11)]
 10402 | D:10     | Reached skill level 7 in Spellcasting
 10409 | D:10     | HP: 25/54 [yak (15)]
 10544 | D:10     | Found a basalt altar of Yredelemnul.
 10815 | D:10     | Reached skill level 5 in Shields
 10815 | D:10     | Reached skill level 8 in Hexes
 10969 | D:10     | Found a snail-covered altar of Cheibriados.
 11067 | D:10     | Identified the +7 rapier of Malum In Se {heavy, ^Fragile
                  | MP+9 Dex+4 Stlth+}
 11346 | D:11     | Reached skill level 9 in Alchemy
 11384 | D:11     | Noticed a cyan ugly thing
 11688 | D:11     | Reached skill level 1 in Fighting
 11712 | D:11     | Reached skill level 3 in Dodging
 11903 | D:11     | Reached skill level 2 in Fighting
 12233 | D:11     | Killed a cyan ugly thing
 12234 | D:11     | Reached skill level 8 in Spellcasting
 12493 | D:12     | Noticed Erolcha
 12614 | D:12     | Killed Erolcha
 12615 | D:12     | Reached skill level 4 in Dodging
 12615 | D:12     | Reached XP level 12. HP: 62/64 MP: 19/24
 12632 | D:12     | Reached skill level 3 in Fighting
 12637 | D:12     | Found a frozen archway.
 12649 | IceCv    | Entered an ice cave
 12699 | IceCv    | Noticed a reaper
 12901 | IceCv    | Reached skill level 16 in Stealth
 13010 | IceCv    | HP: 28/64 [ice devil (5)]
 13018 | IceCv    | HP: 16/64 [ice devil (12)]
 13166 | D:12     | HP: 27/64 [orc/+0 hand axe (6)]
 13173 | D:11     | HP: 23/64 [orc/+0 hand axe (4)]
 13405 | D:12     | Reached skill level 5 in Dodging
 13417 | D:12     | Noticed Snorg
 13758 | D:12     | Found a staircase to the Orcish Mines.
 13899 | D:12     | HP: 20/66 [gargoyle/+0 mace (17)]
 14053 | D:12     | Killed Snorg
 14054 | D:12     | Reached skill level 4 in Fighting
 14260 | D:12     | HP: 14/66 [cyclops (25)]
 14262 | D:12     | Slain by a cyclops

Illustrated notes

Levels and vault maps discovered:
D:1:      nicolae_arrival_somewhat_less_tricky_arrival, layout_basic,
          shapermc_ecumenical_altar_petra
D:2:      layout_basic
D:3:      layout_basic, gammafunk_ghost_necromancy, uniq_robin, uniq_sigmund
D:4:      layout_rooms, tso_metal_star, minmay_temple_entry_ruins
D:5:      layout_basic, nicolae_ashenzari_skybound,
          lemuel_mausoleum_altar_kikubaaqudgha, general_overflow_altar
D:6:      layout_rooms, cheibrodos_sewer_entry_drain, roderic_batcave,
          minmay_shop_grid_forest
D:7:      layout_basic, gammafunk_temple_overflow_claw, grunt_dithmenos_shadows,
          chequers_garden, hellmonk_guarded_unrand_lears, uniq_menkaure
D:8:      layout_loops_corners, nicolae_overflow_crystal_walls,
          ebering_ghost_xom, serial_shops, shop, nicolae_take_the_stairs,
          nicolae_shop_back_alley_shop, nicolae_shop_hallway_stairs
D:9:      layout_roguey, nicolae_hepliaklqana_ecumenical_no_more,
          mainiacjoe_overflow_surrounded_room, lair_entry_dummy
D:10:     layout_roguey, nicolae_yredelemnul_corpse_copse,
          mainiacjoe_overflow_swirl, serial_curves, eino_curves_01,
          eino_curves_04
D:11:     layout_basic, nicolae_titane
D:12:     layout_loops_corners, erik_orc_2, portal_ice_cave_rime, uniq_erolcha,
          uniq_snorg
Temple:   nicolae_temple_two_arcs

Skill      XL: |  1  2  3  4  5  6  7  8  9 10 11 12 |
---------------+-------------------------------------+-----
Stealth        | 4 5 6 7 8 11 15 16 | 16.5
Alchemy        | 4 5 6 7 9 |  9.0
Short Blades   | 1 3 4 6 7 |  7.0
Conjurations   | 1 3 4 |  4.2
Spellcasting   | 5 6 8 |  8.8
Hexes          | 6 8 |  8.0
Shields        | 3 5 |  5.0
Fighting       | 2 4 |  4.1
Dodging        | 4 5 |  5.6

Action                     |  1- 3 |  4- 6 |  7- 9 | 10-12 || total
---------------------------+-------+-------+-------+-------++-------
  Melee: Dagger            |    19 |    57 |   138 |   522 ||   736
         Unarmed           |     1 |       |       |       ||     1
         Bite              |     1 |     4 |    16 |    95 ||   116
   Cast: Sting             |    62 |    67 |    71 |    55 ||   255
         Mephitic Cloud    |       |       |     3 |    42 ||    45
         Confusing Touch   |       |       |       |    59 ||    59
 Invoke: Stomp             |       |     1 |       |       ||     1
Ability: Exsanguinate      |       |     1 |       |       ||     1
         End Transformatio |       |       |       |     1 ||     1
         Bat Form          |       |       |       |     1 ||     1
  Evoke: Wand              |       |       |       |     1 ||     1
    Use: Scroll            |       |       |     9 |     6 ||    15
   Stab: Sleeping          |       |    14 |    38 |    25 ||    77
         Paralysed         |       |     2 |     2 |     8 ||    12
         Distracted        |       |       |     2 |       ||     2
         Confused          |       |       |     5 |    74 ||    79
 Armour: Robe              |    14 |    59 |    56 |   171 ||   300
         Skin              |       |       |       |     1 ||     1
  Dodge: Dodged            |    16 |    67 |    65 |   130 ||   278
  Block: Buckler           |       |       |       |    72 ||    72

Table legend: (Time is in decaauts)
 A = Elapsed time spent in this place.
 B = Non-inter-level travel time spent in this place.
 C = Inter-level travel time spent in this place.
 D = Time resting spent in this place.
 E = Time spent auto-exploring this place.
 F = Levels seen in this place.
 G = Mean time per level.
                   A        B        C        D        E       F      G
               +--------+--------+--------+--------+--------+-----+--------+
         Total |  13958 |  12145 |   1813 |   1050 |   8465 |  15 |  930.5 |
       Dungeon |  13294 |  11510 |   1784 |    910 |   8250 |  12 | 1107.8 |
        Temple |     31 |      2 |     29 |      0 |      0 |   1 |   31.0 |
         Sewer |    289 |    289 |      0 |      0 |    214 |   1 |  289.0 |
      Ice Cave |    342 |    342 |      0 |    140 |      0 |   1 |  342.0 |
               +--------+--------+--------+--------+--------+-----+--------+

Top non-repeatable levels by time:
    D:10: 1548 daAuts
     D:7: 1302 daAuts
    D:12: 1287 daAuts
     D:8: 1226 daAuts
    D:11: 1197 daAuts
     D:1: 1190 daAuts
     D:3: 1134 daAuts
     D:5: 995 daAuts
     D:9: 986 daAuts
     D:2: 956 daAuts
     D:4: 813 daAuts
     D:6: 654 daAuts
   IceCv: 342 daAuts
   Sewer: 289 daAuts
  Temple: 31 daAuts
